 Dungeon Crawl Stone Soup version 0.19-a0-19-gf75ed07 (webtiles) character file.

1184 namelastname112 the Basher (level 8, -4/84 HPs)
             Began as an Ogre Fighter on Apr 30, 2016.
             Slain by a sky beast (6 damage)
             ... on level 7 of the Dungeon.
             The game lasted 00:08:59 (5555 turns).

namelastname112 the Basher (Ogre Fighter)           Turns: 5555, Time: 00:08:59

Health: -4/84      AC:  6    Str: 24 (25) XL:     8   Next: 42%
Magic:  8/8        EV: 11    Int:  5 (7)  God:
Gold:   243        SH:  0    Dex: 10 (11) Spells: 0 memorised, 7 levels left

rFire  + . .     SeeInvis .     p - +0 morningstar
rCold  . . .     Gourm    .     j - +2 robe {rF+}
rNeg   . . .     Faith    .     (no shield)
rPois  .         Spirit   .     (helmet restricted)
rElec  .         Dismiss  .     y - +0 cloak
rCorr  .         Reflect  .     (gloves unavailable)
SustAt .         Harm     .     (boots unavailable)
MR     .....                    (no amulet)
Stlth  +.........               v - +5 ring of strength
                                t - -2 ring of strength (curse)

@: not resistant to hostile enchantments, very unstealthy
A: unfitting armour, tough skin 1
a: no special abilities


You were on level 7 of the Dungeon.
You were hungry.

You visited 1 branch of the dungeon, and saw 7 of its levels.

You collected 243 gold pieces.

Inventory:

Hand Weapons
 p - a +0 morningstar (weapon)
Missiles
 r - 2 throwing nets (quivered)
Armour
 j - a +2 robe of fire resistance (worn)
 y - a +0 cloak (worn)
Jewellery
 t - a cursed -2 ring of strength (left hand)
 v - a +5 ring of strength (right hand)
Scrolls
 a - a scroll of fog {unknown}
 b - a scroll of blinking {unknown}
 c - 8 scrolls of identify {unknown}
 e - 6 scrolls of remove curse {unknown}
 i - 2 scrolls of recharging {unknown}
 l - 4 scrolls of teleportation {unknown}
 q - a scroll of enchant armour {unknown}
 u - a scroll of random uselessness {unknown}
 B - a scroll of enchant weapon {unknown}
Potions
 d - a potion of might
 g - 2 potions of degeneration
 h - a potion of ambrosia {unknown}
 k - 4 potions of brilliance {unknown}
 m - 5 potions of curing {unknown}
 o - a potion of agility {unknown}
 x - a potion of flight {unknown}
 A - a potion of cancellation {unknown}
 C - a potion of haste {unknown}
Books
 n - a book of Callings

   Spells                             Type                      Level
   a - Summon Small Mammal            Summoning                    1
   b - Call Imp                       Summoning                    2
   c - Call Canine Familiar           Summoning                    3
   d - Summon Guardian Golem          Hexes/Summoning              3
   e - Summon Lightning Spire         Summoning/Air                4
   f - Summon Ice Beast               Ice/Summoning                4
 s - a book of Alchemy

   Spells                             Type                      Level
   a - Sublimation of Blood           Necromancy                   2
   b - Ignite Poison                  Fire/Transmutation/Poison    3
   c - Petrify                        Transmutation/Earth          4
   d - Alistair's Intoxication        Transmutation/Poison         5
   e - Irradiate                      Conjuration/Transmutation    5
 z - a book of Necromancy

   Spells                             Type                      Level
   a - Pain                           Necromancy                   1
   b - Animate Skeleton               Necromancy                   1
   c - Vampiric Draining              Necromancy                   3
   d - Regeneration                   Charms/Necromancy            3
   e - Animate Dead                   Necromancy                   4
   f - Control Undead                 Necromancy                   4
Comestibles
 f - 6 bread rations
 w - 2 fruits
 D - a royal jelly


   Skills:
 + Level 6.4 Fighting
 * Level 8.3 Maces & Flails
 + Level 2.8 Throwing
 + Level 3.2 Armour
 + Level 4.4 Dodging
   Level 2.6 Shields


You had 7 spell levels left.
You didn't know any spells.

Dungeon Overview and Level Annotations

Branches:
Dungeon (7/15)
 Temple: D:4-7

Altars:

Shops:
D:5 (

Annotations:
D:3 namelastname112's ghost, amateur DrCK
D:6 Mefis's ghost, novice DEWz


Innate Abilities, Weirdness & Mutations

You are too large for most types of armour.
You have tough skin (AC +1).


Message History

The sky beast flickers out of sight!
Deactivating autopickup; reactivate with Ctrl-A.
Something hits you.
* * * LOW HITPOINT WARNING * * *
Something shocks you.
* * * LOW HITPOINT WARNING * * *
You take 6 damage, and have 12/84 hp.
You hit something but do no damage. Something hits you.
* * * LOW HITPOINT WARNING * * *
Something shocks you.
* * * LOW HITPOINT WARNING * * *
You take 8 damage, and have 4/84 hp.
Drink which item? (? for menu, Esc to quit)
It was a potion of degeneration.
There was something very wrong with that liquid.
You feel weakened.
You feel dopey.
You feel clumsy. Something hits you.
* * * LOW HITPOINT WARNING * * *
Something shocks you.
You die...

###### #....#
#.##.#
#.##.######
#.##..@{≈.#
######(#######.#
#......# #..<#.#
##.##### #.###.#
#.#######.# #†#
#.........# #.#
########### #.#
#.# #.#


There were no monsters in sight!

Vanquished Creatures
  A hungry ghost (D:5)
  A sky beast (D:5)
  A giant frog (D:7)
  6 scorpions
  3 crimson imps
  2 hounds (D:4)
  A centaur skeleton (D:6)
  An orc wizard (D:3)
  Jessica (D:2)
  Ijyb (D:2)
  3 worker ants (D:5)
  A hound zombie (D:5)
  Robin (D:2)
  6 gnolls (D:6)
  A howler monkey skeleton (D:5)
  5 adders
  An ooze (D:4)
  2 worms
  2 dart slugs
  4 giant geckos
  10 orcs
  4 ball pythons
  3 giant cockroaches
  15 goblins
  12 hobgoblins
  A quokka (D:4)
  11 bats
  A giant gecko zombie (D:5)
  5 giant newts
  7 kobolds
  A quokka skeleton (D:4)
  7 rats
121 creatures vanquished.

Notes
Turn   | Place    | Note
--------------------------------------------------------------
     0 | D:1      | namelastname112 the Ogre Fighter began the quest for the Orb.
     0 | D:1      | Reached XP level 1. HP: 24/24 MP: 1/1
   193 | D:1      | Reached skill level 3 in Maces & Flails
   295 | D:1      | Reached XP level 2. HP: 29/32 MP: 2/2
  1049 | D:2      | Noticed Ijyb
  1061 | D:2      | Killed Ijyb
  1061 | D:2      | Reached skill level 1 in Armour
  1061 | D:2      | Reached XP level 3. HP: 36/40 MP: 3/3
  1117 | D:2      | Reached skill level 4 in Maces & Flails
  1117 | D:2      | Reached XP level 4. HP: 46/49 MP: 4/4
  1138 | D:2      | Noticed Jessica
  1145 | D:2      | Killed Jessica
  1190 | D:2      | Noticed Robin
  1255 | D:2      | Killed Robin
  1696 | D:2      | Reached XP level 5. HP: 52/55 MP: 5/5
  1898 | D:2      | Reached skill level 5 in Fighting
  2080 | D:3      | Noticed namelastname112's ghost (amateur DrCK)
  2303 | D:3      | Reached skill level 5 in Maces & Flails
  2962 | D:4      | Reached XP level 6. HP: 58/66 MP: 6/6
  3242 | D:4      | Reached skill level 1 in Throwing
  3539 | D:5      | Entered Level 5 of the Dungeon
  3630 | D:5      | Reached skill level 6 in Maces & Flails
  3684 | D:5      | Reached XP level 7. HP: 69/72 MP: 7/7
  4041 | D:5      | Noticed a hungry ghost
  4085 | D:5      | Killed a hungry ghost
  4263 | D:5      | Found Dide's Weapon Boutique.
  4646 | D:5      | Reached skill level 7 in Maces & Flails
  4801 | D:6      | Reached XP level 8. HP: 69/83 MP: 8/8
  5001 | D:6      | Reached skill level 8 in Maces & Flails
  5397 | D:6      | Noticed Mefis's ghost (novice DEWz)
  5554 | D:7      | HP: 4/84 [something (5)]
  5555 | D:7      | Slain by a sky beast

Vault maps used:
D:1:      sevenhm_arrival_forest_fort_small_6, minmay_misc_feat_tiny
D:2:      item_on_display_a, uniq_jessica, uniq_robin, uniq_iyjb
D:3:      grunt_ministairs_6
D:5:      serial_shops, nicolae_shop_crystal, first_bread
D:6:      grunt_ministairs_14
D:7:      johnstein_pakellas_dig, grunt_temple_overflow_octagram,
          minmay_temple_entry_mist

Skill      XL: |  1  2  3  4  5  6  7  8 |
---------------+-------------------------+-----
Maces & Flails | 3 4 5 6 7 8 |  8.3
Armour         | 1 2 3 |  3.2
Dodging        | 3 4 |  4.4
Fighting       | 5 6 |  6.4
Throwing       | 1 2 |  2.8
Shields        | |  2.6

Action                   |  1- 3 |  4- 6 |  7- 9 || total
-------------------------+-------+-------+-------++-------
Melee: Flail             |   101 |   176 |       ||   277
       Morningstar       |       |    84 |   183 ||   267
  Use: Potion            |       |       |     1 ||     1
 Stab: Distracted        |       |     1 |       ||     1
       Sleeping          |       |     1 |       ||     1
  Eat: Chunk             |     1 |     7 |     2 ||    10
       Fruit             |       |       |     3 ||     3
       Meat ration       |       |       |     2 ||     2
       Bread ration      |       |       |     1 ||     1
       Pizza             |       |       |     1 ||     1
Armor: Robe              |    32 |    95 |    73 ||   200
Dodge: Dodged            |    69 |   154 |    82 ||   305
